 Dungeon Crawl Stone Soup version 0.31-a0-8-gd14b0f4ee2 (console) character file.

Game seed: 9068413917335262637

2039385 Banquo the Hoplite (level 27, 228/228 HPs)
             Began as a Djinni Air Elementalist on May 6, 2023.
             Was a High Priest of Ashenzari.
             Escaped with the Orb
             ... and 4 runes on May 18, 2023!
             The game lasted 10:07:11 (93729 turns).

Banquo the Hoplite (Djinni Air Elementalist)       Turns: 93729, Time: 10:07:11

Health: 228/228    AC: 25    Str:  7    XL:     27
Gold:   7404       EV: 33    Int: 35    God:    Ashenzari [*****.] SH: 36 Dex: 19

rFire   + + +        a - staff of air "Roeh" {rElec rN+ Int+4 Dex+3}
rCold   + . .        i - +10 tower shield of Ignorance {rN+ Int-4, Melee, Self} (curse)
rNeg    + + +        d - +1 ring mail of Ashenzari's Portent {Will+ Regen+ Int+3, Self, Cun} (curse)
rPois   ∞            h - +2 helmet "Eternal Together" {Int+3, Cun, Self} (curse)
rElec   +            e - scarf of Ashenzari's Pragmatism {rC+ rF+, Cun, Self} (curse)
rCorr   +            g - +2 pair of gloves of Ashenzari's Lethargy {rCorr, Cun, Self} (curse)
SInv    +            (boots unavailable)
Will    +++..        w - amulet of Ashenzari's Oracle {Regen+, Range, Self} (curse)
Stlth   ++           Q - ring of the Eye in the Sky {rN+ EV+5, Evo, Self} (curse)
HPRegen 2.18/turn    y - ring of Ashenzari's Mistrust {rElec rF+ rC+ AC+4, Cun, Fort} (curse)
MPRegen 0.00/turn

%: clarity
@: flying, studying 3 skills
A: sickness immunity, fire resistance 2, cold vulnerability 1, float, innate
caster, HP casting, extra vitality 1, iridescent scales 1, sturdy frame 1
0: Orb of Zot
}: 4/15 runes: decaying, slimy, silver, gossamer
a: Renounce Religion, Curse Item, Shatter the Chains


You escaped.
You worshipped Ashenzari.
Ashenzari was extremely pleased with you.
You visited 12 branches of the dungeon, and saw 56 of its levels.
You visited 1 bazaar.
You visited 1 ziggurat, and saw 14 of its levels.
You also visited: Ossuary, Gauntlet and Desolation.

You collected 9534 gold pieces.
You spent 2130 gold pieces at shops.

Inventory:

Hand Weapons
 b - the +8 Vampire's Tooth {megavamp}
   (You found it on level 5 of the Pits of Slime)
 c - the +5 demon whip "Spellbinder" {antimagic, disrupt, Will+}
   (You found it on level 1 of the Depths)

   Will:      It increases your willpower.
 l - a +9 quick blade of freezing
Armour
 d - the cursed +1 ring mail of Ashenzari's Portent (worn) {Will+ Regen+ Int+3, Self, Cun}
   (You found it on level 4 of the Dungeon)

   Int:       It affects your intelligence (+3).
   Regen:     It increases your rate of health regeneration.
   Will:      It increases your willpower.
   It has a curse which improves the following skills: Introspection: Fighting
   and Spellcasting.
   Cunning:   Dodging and Stealth.
 e - the cursed scarf of Ashenzari's Pragmatism (worn) {rC+ rF+, Cun, Self}
   (You found it on level 4 of the Dungeon)

   It has a curse which improves the following skills: Cunning: Dodging and
   Stealth.
   Introspection: Fighting and Spellcasting.
 g - the cursed +2 pair of gloves of Ashenzari's Lethargy (worn) {rCorr, Cun, Self}
   (You found it in the Desolation of Salt)

   rCorr:     It protects you from acid and corrosion.
   It has a curse which improves the following skills: Cunning: Dodging and
   Stealth.
   Introspection: Fighting and Spellcasting.
 h - the cursed +2 helmet "Eternal Together" (worn) {Int+3, Cun, Self}
   (You found it on level 6 of the Dungeon)

   It has a curse which improves the following skills: Cunning: Dodging and
   Stealth.
   Introspection: Fighting and Spellcasting.
 i - the cursed +10 tower shield of Ignorance (worn) {rN+ Int-4, Melee, Self}
   (You found it on level 12 of the Dungeon)

   Int:       It affects your intelligence (-4).
   rN:        It protects you from negative energy.
   It has a curse which improves the following skills: Melee Combat: Short
   Blades, Long Blades, Axes, Maces & Flails, Polearms, Staves and Unarmed
   Combat.
   Introspection: Fighting and Spellcasting.
 s - the +2 chain mail of Hiaviack {Regen+ Str+4}
   (You took it off a guardian mummy on level 4 of the Realm of Zot)

   Str:       It affects your strength (+4).
   Regen:     It increases your rate of health regeneration.
Magical Staves
 a - the staff of air "Roeh" (weapon) {rElec rN+ Int+4 Dex+3}
   (You found it on level 4 of the Vaults)

   [staff of air]

   Your inability to study Air Magic prevents you from drawing on the full power
   of this staff in melee.
   Base accuracy: +5 Base damage: 5 Base attack delay: 1.2 This weapon's minimum
   attack delay (0.6) is reached at skill level 12.
   Int:       It affects your intelligence (+4).
   Dex:       It affects your dexterity (+3).
   rElec:     It insulates you from electricity.
   rN:        It protects you from negative energy.
   It falls into the 'Staves' category.
   It is a one-handed weapon.
 n - the staff of cold "Pakimam" {rElec rC+ MP+9 Str-2 Stlth+}
   (You found it on level 4 of the Depths)

   [staff of cold]

   Your inability to study Ice Magic prevents you from drawing on the full power
   of this staff in melee.
   Base accuracy: +5 Base damage: 5 Base attack delay: 1.2 This weapon's minimum
   attack delay (0.6) is reached at skill level 12.
   Str:       It affects your strength (-2).
   rC:        It protects you from cold.
   rElec:     It insulates you from electricity.
   MP:        It affects your magic capacity (+9).
   Stlth:     It makes you more stealthy.
   It falls into the 'Staves' category.
   It is a one-handed weapon.
 D - the staff of death "Jaxza Xua" {rC+ rN+ Int+3 Dex+4}
   (You found it on level 12 of a ziggurat)

   [staff of death]

   Your inability to study Necromancy prevents you from drawing on the full
   power of this staff in melee.
   Base accuracy: +5 Base damage: 5 Base attack delay: 1.2 This weapon's minimum
   attack delay (0.6) is reached at skill level 12.
   Int:       It affects your intelligence (+3).
   Dex:       It affects your dexterity (+4).
   rC:        It protects you from cold.
   rN:        It protects you from negative energy.
   It falls into the 'Staves' category.
   It is a one-handed weapon.
Jewellery
 p - a ring of wizardry
 w - the cursed amulet of Ashenzari's Oracle (around neck) {Regen+, Range, Self}
   (You took it off a skeletal warrior on level 2 of the Crypt)

   [amulet of regeneration]

   Regen:     It increases your rate of health regeneration.
   It has a curse which improves the following skills: Ranged Combat: Ranged
   Weapons and Throwing.
   Introspection: Fighting and Spellcasting.
 y - the cursed ring of Ashenzari's Mistrust (right hand) {rElec rF+ rC+ AC+4, Cun, Fort}
   (You found it on level 4 of the Depths)

   [ring of protection]

   AC:        It affects your AC (+4).
   rF:        It protects you from fire.
   rC:        It protects you from cold.
   rElec:     It insulates you from electricity.
   It has a curse which improves the following skills: Cunning: Dodging and
   Stealth.
   Fortitude: Armour and Shields.
 A - a ring of protection from cold
 Q - the cursed ring of the Eye in the Sky (left hand) {rN+ EV+5, Evo, Self}
   (You took it off a deep elf blademaster on level 3 of the Elven Halls)

   [ring of evasion]

   EV:        It affects your evasion (+5).
   rN:        It protects you from negative energy.
   It has a curse which improves the following skills: Evocations: Evocations.
   Introspection: Fighting and Spellcasting.
Wands
 q - a wand of acid (51)
 r - a wand of iceblast (113)
 t - a wand of digging (18)
 E - a wand of mindburst (71)
Scrolls
 k - 7 scrolls of silence
 m - 11 scrolls of magic mapping
 B - 4 scrolls of enchant weapon
 F - 16 scrolls of fog
 G - 7 scrolls of noise
 K - 25 scrolls of teleportation
 L - 9 scrolls of poison
 M - 17 scrolls of blinking
 P - 9 scrolls of fear
 T - 7 scrolls of butterflies
Potions
 f - 25 potions of mutation
 j - 3 potions of berserk rage
 o - 27 potions of curing
 u - 8 potions of ambrosia
 v - 12 potions of invisibility
 x - 12 potions of brilliance
 z - 9 potions of might
 H - 3 potions of resistance
 J - 14 potions of cancellation
 N - 17 potions of heal wounds
 V - 11 potions of haste


   Skills:
 - Level 19.9(27) Fighting
 - Level 18.0(20.0) Short Blades
 - Level 14.9(17.0) Maces & Flails
 + Level 21.7(23.5) Armour
 - Level 21.5(27) Dodging
 - Level 7.0(12.7) Stealth
 - Level 25.2(27) Shields
 - Level 19.8(27) Spellcasting


You knew the following spells:

 Your Spells              Type           Power      Damage    Failure   Level
a - Shock                 Conj/Air       100%       1d9       0%          1
b - Wereblood             Tmut           100%       N/A       0%          2
c - Death Channel         Necr           62%        N/A       0%          6
d - Static Discharge      Conj/Air       100%       2-7/arc   0%          2
e - Beastly Appendage     Tmut           100%       N/A       0%          1
f - Cause Fear            Hex            62%        N/A       0%          4
g - Spellforged Servitor  Conj/Summ      62%        N/A       0%          7
l - Chain Lightning       Conj/Air       75%        3d100     1%          9
m - Malign Gateway        Summ/Tloc      62%        N/A       0%          7
p - Fulminant Prism       Conj/Hex       62%        3d26      0%          4
s - Simulacrum            Ice/Necr       62%        N/A       0%          6
z - Airstrike             Air            75%        2d(11-27) 0%          4
A - Ozocubu's Armour      Ice            100%       N/A       0%          3
F - Summon Forest         Summ/Tloc      62%        N/A       0%          5
M - Swiftness             Air            100%       N/A       0%          3
N - Dragon Form           Tmut           62%        N/A       0%          7
S - Shatter               Erth           62%        3d46*     1%          9
Your spell library was empty.

Dungeon Overview and Level Annotations

Branches:
Dungeon (15/15)            Temple (1/1) D:5            Lair (5/5) D:10
  Swamp (4/4) Lair:3       Spider (4/4) Lair:2        Slime (5/5) Lair:4
    Orc (2/2) D:11            Elf (3/3) Orc:2        Vaults (5/5) D:13
  Crypt (3/3) Vaults:3       Tomb (0/3) Crypt:3      Depths (4/4) D:15
    Zot (5/5) Depths:4    Ossuary (visited)         Desolation (visited)
Gauntlet (visited)

Altars:
Ashenzari
Cheibriados
Dithmenos
Fedhas
Gozag
Makhleb
Nemelex Xobeh
Qazlal
Ru
Trog
Uskayaw
Wu Jian
Xom
Yredelemnul
The Shining One
Jiyva
Lugonu

Shops:
D:4 !   D:13 *   D:14 :   Orc:2 :*[!   Elf:1 ::=   Elf:2 [   Vaults:3 (
Vaults:4 !   Vaults:5 (   Depths:1 *

Portals:
Hell: Depths:1 Depths:2 Depths:3 Depths:4
Abyss: Slime:4 Depths:3 Depths:4
Pandemonium: Depths:2

Annotations:
Elf:2 3 runed translucent doors


Innate Abilities, Weirdness & Mutations

You are immune to sickness and miasma.
You are immune to poison.
Your flesh is very heat resistant. (rF++)
You are vulnerable to cold. (rC-)
You float through the air rather than walking.
You learn spells naturally, not from books.
Your magical power is your life essence.
You have superior vitality. (+4 MHP)
You are partially covered in iridescent scales. (AC +2)
Your movements are slightly less encumbered by armour. (ER -2)


Message History

You fly upwards.
There is a stone staircase leading down here.
There is a stone staircase leading up here.
You fly upwards.
There is a stone staircase leading down here.
There is a stone staircase leading up here.
You fly upwards.
There is a stone staircase leading down here.
There is a stone staircase leading up here.
You fly upwards.
There is a stone staircase leading down here.
An Orb Guardian comes into view.
Casting: Chain Lightning (mildly dangerous; 1% risk of failure)
Confirm with . or Enter, or press ? or * to list all spells.
You feel a surge of power! Lightning arcs from your hands!
The bolt of lightning hits the Orb Guardian!!!
The Orb Guardian is heavily wounded.
Casting: Chain Lightning (mildly dangerous; 1% risk of failure)
Confirm with . or Enter, or press ? or * to list all spells.
You feel a surge of power! Lightning arcs from your hands!
The bolt of lightning hits the Orb Guardian!!!!
You kill the Orb Guardian!
(D) Dungeon (T) Temple (L) Lair (S) Swamp (N) Spider Nest (M) Slime Pits (O) Orcish Mines (E) Elven Halls (V) Vaults (C) Crypt (W) Tomb (U) Depths (H) Hell (Z) Zot
Where to? (* - list waypoints, Enter - D:1, ? - help) HP restored.
There is a stone staircase leading up here.
You fly upwards.
There is a stone staircase leading down here.
There is a stone staircase leading up here.
You fly upwards.
There is a stone staircase leading down here.
There is a stone staircase leading up here.
You fly upwards.
There is a stone staircase leading down here.
There is a staircase leading out of the dungeon here.
Enter note: Woot!
You have escaped!

..#.#.......................# #.#
....#.#..###.##.#..#.###..#.###'#
.##.#.##.#...##.#.###..#.##.##...
.##.#..#........#........#..##...
....##...######.#.######...###...
.....##...## #...# ##...## #...
##.#.###...## ##### ##...## #...
.......##...###...###...## #.##
.......###...#..@..#...## #.'.
.......# ##...........##### ###.
...#'### ##....#...###...# #.
...#'################.+...# #.
...........# #.#...# #P
...........##########....># ##
...................##.....#######
...................##.....##.....
..#.#####..........##............


There were no monsters in sight!

Vanquished Creatures
  the Royal Jelly (Slime:5)
  4 dread liches
  2 orbs of fire (Zot:5)
  7 ancient liches
  4 royal mummies (Zig:13)
  12 Killer Klowns
  The ghost of Sulucr Puat the Sorcerer, a veteran DjFE of Hepliaklqana (Depths:4)
  2 curse toes
  16 golden dragons
  2 pandemonium lords
  4 caustic shrikes
  2 bone dragons
  2 iron giants (Zig:11)
  2 electric golems (Zot:5)
  3 Hell Sentinels
  2 doom hounds (Depths:2)
  Jorgrun (Spider:1)
  3 liches
  15 tentacled monstrosities
  Asterion (Depths:1)
  5 titans (Vaults:5)
  27 Orb Guardians
  3 quicksilver dragons
  Grunn (Depths:2)
  A walking frostbound tome (Depths:3)
  Zenata (Crypt:3)
  7 ancient champions
  2 eldritch tentacles
  22 acid blobs
  3 sphinxes
  Gastronok (Lair:2)
  An Executioner (Zig:7)
  6 death cobs
  A tengu reaver (Vaults:5)
  Roxanne (D:15)
  10 storm dragons
  A revenant (Crypt:2)
  6 shadow dragons
  A fenstrider witch (Swamp:3)
  9 rockslimes
  A daeva (Zot:4)
  13 azure jellies
  16 draconian monks
  3 nagarajas
  6 frost giants
  3 fire giants
  2 deep elf sorcerers
  A caustic shrike zombie (Crypt:2)
  12 draconian scorchers
  11 draconian knights
  10 vault wardens
  5 quicksilver elementals
  An emperor scorpion (Zig:4)
  7 draconian shifters
  2 iron dragons
  9 ghost moths
  A deep elf elementalist (Elf:3)
  2 curse skulls
  7 draconian stormcallers
  3 reapers
  6 ironbound preservers
  5 ghouls
  11 very ugly things (Depths:2)
  16 draconian annihilators
  2 spriggan defenders (Depths:3)
  A demonspawn blood saint (Zig:7)
  A broodmother (shapeshifter) (Vaults:5)
  12 stone giants
  7 war gargoyles
  A caustic shrike skeleton (Depths:2)
  11 green draconians
  13 quicksilver oozes
  7 ironbound thunderhulks
  2 eleionomae
  14 purple draconians
  The ghost of Xuittil the Spear-Bearer, a journeyman OpCK of Hepliaklqana (D:14)
  6 vampire knights
  A spectral titan (Depths:4)
  3 deep elf demonologists
  13 white draconians
  A minotaur (Gauntlet)
  15 yellow draconians
  A bunyip (shapeshifter) (Vaults:5)
  A lorocyproca (Depths:2)
  Azrael (D:12)
  8 red draconians
  3 deep elf annihilators
  A bunyip (Zig:10)
  A halazid warlock (Desolation)
  2 bennus (Zig:13)
  15 black draconians
  6 eidola
  2 crystal guardians
  5 iron golems
  5 deep elf death magi
  A blizzard demon (Zig:7)
  A spectral quicksilver dragon (Depths:4)
  10 yaktaur captains
  9 mummy priests
  6 jiangshi (Crypt:1)
  4 deep elf high priests
  3 entropy weavers
  13 great orbs of eyes
  7 ettins
  5 fire dragons
  A spriggan zombie (Zig:13)
  2 spectral spriggans (Depths:4)
  2 hell beasts
  4 rakshasas
  A spectral tengu (Depths:4)
  6 salamander tyrants
  3 spriggan air magi
  5 ice dragons
  3 ragged hierophants (Desolation)
  3 ogre magi
  An elf skeleton (Crypt:2)
  7 ironbound frosthearts
  A spectral shadow dragon (Depths:4)
  Erolcha (D:12)
  A juggernaut simulacrum (Crypt:2)
  A peacekeeper (Vaults:4)
  10 hydras
  29 vault guards (Vaults:5)
  A jorogumo (shapeshifter) (Vaults:5)
  A ghost crab (Zig:10)
  A radroach (Zig:4)
  10 two-headed ogres
  An alligator (Swamp:1)
  2 anacondas (Zig:12)
  3 boulder beetles
  10 centaur warriors
  3 death knights
  A fenstrider witch skeleton (Crypt:3)
  4 tengu warriors
  A catoblepas (Lair:5)
  13 dancing weapons
  2 naga warriors (Zig:12)
  2 spectral sphinxes (Depths:4)
  14 vampire magi
  A satyr (shapeshifter) (Vaults:5)
  6 deep troll earth magi
  8 death yaks
  6 death scarabs
  4 naga sharpshooters (Zig:12)
  4 deep troll shamans
  7 orc high priests (Orc:2)
  2 shock serpents (Zig:12)
  4 spriggan berserkers
  3 soul eaters
  10 hell knights
  A titan skeleton (Zig:13)
  4 crystal echidnas
  A skyshark (shapeshifter) (Vaults:5)
  11 deep elf knights
  5 pharaoh ants
  Amaemon (Lair:2)
  2 spriggan riders
  7 iron trolls
  2 shadow wraiths
  Nergalle (D:12)
  An anaconda zombie (Crypt:3)
  A fire crab (Gauntlet)
  A skyshark (Lair:4)
  2 salamander mystics (Depths:3)
  16 skeletal warriors
  4 spriggan druids
  3 orb spiders
  24 deep trolls
  2 goliath frogs (shapeshifter) (Vaults:5)
  2 glowing orange brains
  A sun moth (Spider:3)
  3 swamp dragons
  8 wizards
  2 lindwurms
  A naga ritualist (Zig:12)
  6 goliath frogs
  6 orange crystal statues
  7 flayed ghosts
  17 ironbound convokers
  4 bog bodies
  A spriggan simulacrum (Depths:4)
  9 necromancers
  A spectral hydra (Swamp:4)
  9 deep elf archers
  A broodmother zombie (Crypt:2)
  An orc knight (Vaults:5)
  A shadow demon (Zig:7)
  An anaconda skeleton (Crypt:2)
  Pikel (D:6)
  4 steelbarb worms
  An iron dragon zombie (Crypt:2)
  9 wolf spiders
  22 deep elf pyromancers
  15 deep elf zephyrmancers
  14 phantasmal warriors
  4 orc sorcerers
  3 harpies
  An iron dragon skeleton (Depths:2)
  6 salamanders (Depths:3)
  A shadow dragon zombie (Zig:13)
  7 cyclopes
  7 shining eyes
  4 will-o-the-wisps
  2 oklob plants (Swamp:4)
  A manticore (D:15)
  A mana viper (Zig:3)
  35 moths of wrath
  15 ugly things
  8 black mambas
  An apocalypse crab (Zig:2)
  2 guardian serpents
  10 elephants
  4 molten gargoyles (D:11)
  4 orange demons
  A human skeleton (Crypt:3)
  2 smoke demons
  3 unseen horrors
  2 ice statues (Zig:11)
  4 demonic crawlers
  3 centaur skeletons (D:15)
  4 vault sentinels
  A gargoyle (D:11)
  4 torpor snails
  6 hellions
  An unseen horror zombie (Crypt:3)
  Maggie (D:6)
  4 eyes of devastation
  2 storm dragon simulacra (Depths:4)
  13 cane toads
  15 yaktaurs
  A rime drake (Lair:5)
  A grey draconian zombie (Crypt:1)
  A tormentor (Zig:9)
  6 freezing wraiths
  A spectral redback (Spider:4)
  10 komodo dragons
  A spark wasp simulacrum (Depths:1)
  3 tengu conjurers
  An anaconda simulacrum (Crypt:2)
  A grey draconian skeleton (Crypt:1)
  A mana viper zombie (Crypt:2)
  18 guardian mummies
  3 meliai
  2 hydra zombies
  A red devil (Zig:7)
  A bloated husk (Swamp:1)
  6 large abominations
  5 polar bears
  4 trolls
  A hellwing (D:12)
  13 tarantellas
  2 tyrant leeches (Swamp:2)
  10 hornets
  14 blink frogs
  11 dream sheep
  7 saltlings (Desolation)
  An ettin zombie (Depths:1)
  2 spectral jumping spiders (Spider:4)
  81 slime creatures
  A dream sheep (shapeshifter) (Vaults:5)
  A tarantella zombie (Spider:4)
  An iron dragon simulacrum (Depths:4)
  A culicivora zombie (Spider:4)
  12 jumping spiders
  10 flying skulls
  Sigmund (D:4)
  7 spriggans
  2 air elementals (Elf:1)
  3 wyverns
  6 wraiths
  5 culicivoras (Spider:4)
  A water elemental (Elf:3)
  2 fire elementals (D:12)
  An ice dragon skeleton (Crypt:1)
  4 ushabtiu
  A ynoxinul (Zig:7)
  A hog (D:15)
  46 yaks
  2 basilisks
  4 fire bats (Gauntlet)
  A steam dragon (D:4)
  2 chaos spawn (Depths:3)
  18 vampire mosquitoes
  2 golden eyes (Slime:2)
  15 redbacks
  Menkaure (D:6)
  12 swamp worms
  Edmund (D:6)
  6 wargs
  2 nagas
  A water nymph zombie (Crypt:3)
  4 hell hounds
  2 acid dragons
  13 water moccasins
  A human zombie (Depths:2)
  A cane toad skeleton (Crypt:3)
  Duvessa (D:4)
  4 swamp drakes
  4 ice beasts
  13 orc warriors
  2 sky beasts
  10 black bears
  9 ogres
  7 centaurs
  16 wolves
  A hog skeleton (Crypt:2)
  A phantom (D:5)
  An elephant skeleton (Crypt:3)
  4 kobold brigands
  Blork the orc (D:5)
  10 bullfrogs
  A scorpion (shapeshifter) (Depths:1)
  6 necrophages
  A gnoll sergeant (D:8)
  5 scorpions
  2 earth elementals
  10 wights (D:9)
  Dowan (D:4)
  4 water moccasin zombies (Ossuary)
  8 small abominations (Depths:3)
  4 howler monkeys (D:9)
  A polar bear skeleton (Crypt:2)
  3 electric eels
  A lava snake (D:11)
  2 hounds
  10 jellies
  41 orc priests
  A wolf skeleton (Crypt:1)
  An iguana (D:5)
  5 sleepcaps
  19 orc wizards
  A boggart skeleton (D:15)
  4 hell rats
  A killer bee zombie (Crypt:2)
  18 mummies
  8 gnolls
  9 adders
  A shadow imp (D:5)
  A white imp (D:5)
  2 adder zombies (Ossuary)
  2 worms
  2 dart slugs
  88 orcs
  8 ball pythons
  11 endoplasms
  3 giant cockroaches
  7 gnoll zombies (Ossuary)
  15 goblins
  5 hobgoblins
  4 jackals (D:1)
  5 quokkas
  A river rat zombie (Crypt:1)
  7 bats
  4 frilled lizards
  A frilled lizard skeleton (Crypt:1)
  A goblin zombie (Crypt:2)
  A hobgoblin skeleton (Crypt:2)
  4 hobgoblin zombies (Ossuary)
  A jackal zombie (Crypt:3)
  19 kobolds
  A kobold skeleton (Crypt:2)
  4 kobold zombies (Ossuary)
  8 orc zombies
  9 rats
  3 butterflies (Zot:4)
  A fulminant prism (Lair:5)
  2 lurking horrors (Slime:4)
  3 plants (Crypt:2)
  A snaplasher vine (Vaults:1)
2071 creatures vanquished.

Vanquished Creatures (collateral kills)
  Sojobo (Vaults:2)
  4 caustic shrikes
  A golden dragon (Depths:3)
  Nikola (Spider:3)
  Arachne (Spider:2)
  Rupert (Lair:3)
  Mlioglotl (Swamp:4)
  2 deep elf master archers (Elf:3)
  2 deep elf blademasters (Elf:3)
  An ancient champion (Vaults:3)
  4 eldritch tentacles
  4 sphinxes
  A shadow dragon (Vaults:4)
  2 tengu reavers (Vaults:2)
  4 thorn hunters
  Kirke (D:15)
  A storm dragon (Depths:3)
  Agnes (Spider:4)
  A frost giant (Vaults:1)
  2 deep elf sorcerers
  4 emperor scorpions
  An iron dragon (Depths:1)
  A ghost moth (Spider:4)
  9 vault wardens
  A caustic shrike zombie (Crypt:1)
  A deep elf elementalist (Elf:2)
  Louise (Swamp:2)
  A ghoul (Swamp:3)
  13 ironbound preservers
  14 very ugly things
  2 stone giants
  A war gargoyle (Vaults:4)
  3 broodmothers
  3 ironbound thunderhulks
  An orc warlord (Vaults:1)
  5 vampire knights
  3 deep elf demonologists (Elf:3)
  3 eleionomae
  2 halazid warlocks (Desolation)
  2 deep elf annihilators (Elf:3)
  2 bunyips
  10 spark wasps
  6 dire elephants
  2 ettins
  2 crystal guardians
  A deep elf death mage (Elf:3)
  2 jiangshi
  2 entropy weavers
  A quicksilver dragon zombie (Crypt:1)
  A fire dragon (Depths:2)
  5 ragged hierophants (Desolation)
  3 shambling mangroves (Swamp:4)
  3 deep elf high priests
  An ice dragon (Depths:1)
  5 yaktaur captains
  A vault guard (Vaults:3)
  5 servants of whispers (Desolation)
  10 hydras
  4 centaur warriors (Vaults:2)
  6 peacekeepers
  A ghost crab (Swamp:4)
  8 ironbound frosthearts
  A jorogumo (Spider:2)
  An ogre mage (D:15)
  A death knight (Crypt:1)
  2 deep troll shamans (Depths:1)
  5 alligators
  6 two-headed ogres
  3 radroaches
  4 death scarabs (Spider:4)
  A deep troll earth mage (Depths:1)
  8 boulder beetles
  A tengu warrior (D:14)
  2 death yaks (Lair:3)
  6 dancing weapons
  7 deep elf knights
  2 iron trolls (Depths:1)
  4 pharaoh ants
  2 goliath frogs
  An iron giant zombie (Crypt:1)
  30 deep trolls
  A bog body (Swamp:1)
  An orb spider (Spider:1)
  8 swamp dragons
  8 deep elf archers
  A flayed ghost (Crypt:1)
  A spectral jorogumo (Spider:4)
  3 spectral hydras (Swamp:4)
  5 phantasmal warriors
  2 spriggan druids (Swamp:4)
  6 wizards
  7 ironbound convokers
  3 orc knights (Vaults:1)
  8 deep elf zephyrmancers
  3 harpies
  12 deep elf pyromancers
  8 lindwurms
  A necromancer (Vaults:3)
  An oklob plant (Swamp:4)
  A spectral wolf spider (Spider:4)
  33 ugly things
  4 steelbarb worms
  2 cyclopes (D:15)
  A will-o-the-wisp (Swamp:3)
  A shining eye (Slime:5)
  A moth of wrath (Spider:4)
  14 wolf spiders
  6 vault sentinels
  2 molten gargoyles (Desolation)
  A smoke demon (Depths:2)
  4 elephants (Lair:5)
  3 guardian serpents (Desolation)
  A water nymph (shapeshifter) (Vaults:4)
  5 demonic crawlers
  5 torpor snails
  27 yaktaurs
  A spectral redback (Spider:4)
  3 freezing wraiths
  A tengu conjurer (D:15)
  A redback zombie (Spider:4)
  6 hydra zombies
  2 red devils (Depths:2)
  4 tyrant leeches
  A spectral jumping spider (Spider:4)
  A tengu simulacrum (Depths:2)
  A troll (D:13)
  2 death drake zombies (Swamp:4)
  A spectral culicivora (Spider:4)
  3 meliai
  16 tarantellas
  A death drake skeleton (Swamp:4)
  3 blink frogs (Lair:4)
  8 hornets
  A spectral tarantella (Spider:4)
  30 saltlings (Desolation)
  2 tarantella zombies (Spider:4)
  A culicivora zombie (Spider:4)
  2 hydra skeletons (Swamp:4)
  3 dream sheep (Lair:3)
  10 culicivoras
  2 ettin zombies (Depths:1)
  A flying skull (Crypt:1)
  16 jumping spiders
  8 spriggans
  48 slime creatures
  2 water elementals
  2 wraiths (D:13)
  A human (shapeshifter) (Elf:3)
  A vampire (D:13)
  2 fire elementals
  4 basilisks (Lair:3)
  36 redbacks
  4 swamp worms
  4 vampire mosquitoes
  2 hydra simulacra (Swamp:4)
  A swamp dragon zombie (Swamp:4)
  8 swamp drakes
  5 ogres (D:15)
  3 wolves (Lair:4)
  9 centaurs
  A gnoll sergeant (D:12)
  A spriggan skeleton (Crypt:1)
  2 hell rats (Lair:5)
  11 briar patches (Swamp:4)
  3 pillars of salt (Vaults:4)
  3 spectral weapons
749 creatures vanquished.

Vanquished Creatures (others)
  135 eldritch tentacles
  A radroach (Zig:5)
  A deep troll (Vaults:3)
  A deep elf archer (Elf:1)
  2 deep elf zephyrmancers
  3 wizards
  A demonic crawler (Spider:2)
  2 tarantellas (Spider:3)
  2 saltlings (Desolation)
  A water elemental (D:12)
  4 humans (D:15)
  6 foxfires
  144 fulminant prisms
  69 fungi
  A pillar of salt (Vaults:4)
  127 plants
  15 snaplasher vines
515 creatures vanquished.

Grand Total: 3335 creatures vanquished

Notes
Turn   | Place    | Note
-------+----------+-------------------------------------------
     0 | D:1      | Banquo the Djinni Air Elementalist began the quest for the
                  | Orb.
     0 | D:1      | Banquo set off with the following spells memorised: Shock,
                  | Static Discharge, Swiftness, Airstrike.
     0 | D:1      | Reached XP level 1. HP: 15/15 MP: 0/0
   104 | D:1      | Reached XP level 2. HP: 13/21 MP: 0/0
   222 | D:1      | Found a faded altar of an unknown god.
   507 | D:1      | Reached XP level 3. HP: 24/25 MP: 0/0
   507 | D:1      | Learned a level 1 spell: Beastly Appendage
  1025 | D:1      | Reached XP level 4. HP: 25/31 MP: 0/0
  1334 | D:1      | Found a faded altar of an unknown god.
  3196 | D:3      | Reached XP level 5. HP: 33/35 MP: 0/0
  3196 | D:3      | Learned a level 2 spell: Wereblood
  3650 | D:3      | Found a sacrificial altar of Ru.
  4063 | D:3      | Found an ornate altar of the Wu Jian Council.
  4211 | D:3      | Found a sacrificial altar of Ru.
  4777 | D:4      | Reached XP level 6. HP: 40/41 MP: 0/0
  4794 | D:4      | Noticed Sigmund
  4923 | D:4      | Found Tecun's Distillery.
  4941 | D:4      | Noticed an ogre
  4966 | D:4      | Killed an ogre
  4967 | D:4      | Reached skill level 1 in Fighting
  4974 | D:4      | Reached skill level 5 in Spellcasting
  5169 | D:4      | Noticed a steam dragon
  5184 | D:4      | Killed a steam dragon
  5185 | D:4      | Reached XP level 7. HP: 29/49 MP: 0/0
  5185 | D:4      | Learned a level 3 spell: Ozocubu's Armour
  5289 | D:4      | Identified the +1 ring mail of the Louse {Will+ Regen+
                  | Int+3}
  5515 | D:4      | Noticed Duvessa
  5515 | D:4      | Noticed Dowan
  5541 | D:4      | Killed Duvessa
  5599 | D:4      | Killed Dowan
  5704 | D:4      | Reached skill level 1 in Armour
  5934 | D:5      | Entered Level 5 of the Dungeon
  5953 | D:5      | Found a staircase to the Ecumenical Temple.
  5962 | Temple   | Entered the Ecumenical Temple
  5986 | Temple   | Became a worshipper of Ashenzari the Shackled
  6019 | D:5      | Found a sand-covered staircase.
  6030 | Ossuary  | Entered an ossuary
  6053 | Ossuary  | Reached XP level 8. HP: 35/55 MP: 0/0
  6612 | D:5      | Noticed Blork the orc
  6626 | D:5      | Killed Blork the orc
  6808 | D:5      | Reached XP level 9. HP: 61/61 MP: 0/0
  6808 | D:5      | Learned a level 4 spell: Cause Fear
  6905 | D:5      | Found a hide-covered altar of Uskayaw.
  6907 | D:5      | Noticed a +0 hand axe
  6907 | D:5      | Noticed a +0 dagger
  7038 | D:5      | Identified the +0 ring mail of Oxzemuag {Will+}
  7107 | D:5      | Reached skill level 5 in Dodging
  7261 | D:5      | Found a staircase to the Ecumenical Temple.
  7791 | D:6      | Noticed Maggie
  7793 | D:6      | Noticed Edmund
  7932 | D:6      | Found an opulent altar of Gozag.
  8372 | D:6      | Noticed Pikel
  8378 | D:6      | Killed Pikel
  8472 | D:6      | Noticed Menkaure
  8484 | D:6      | Killed Menkaure
  8682 | D:6      | Reached * piety under Ashenzari
  8740 | D:6      | Reached XP level 10. HP: 66/72 MP: 0/0
  8781 | D:6      | Reached skill level 5 in Armour
  8906 | D:6      | Killed Edmund
  8944 | D:6      | Killed Maggie
  8945 | D:6      | Reached skill level 5 in Fighting
  9317 | D:6      | Found an opulent altar of Gozag.
  9763 | D:7      | Found a sparkling altar of Nemelex Xobeh.
  9773 | D:7      | Found a glowing golden altar of the Shining One.
 10008 | D:7      | Found a burning altar of Makhleb.
 10012 | D:7      | Found a shadowy altar of Dithmenos.
 10028 | D:7      | Identified the +1 robe of Failure {Int+3}
 10106 | D:7      | Reached ** piety under Ashenzari
 10191 | D:7      | Found a snail-covered altar of Cheibriados.
 10743 | D:8      | Reached *** piety under Ashenzari
 11178 | D:8      | Reached skill level 1 in Short Blades
 11993 | D:9      | Identified the +1 trident of the Owl {freeze, rCorr}
 12199 | D:9      | Found a bloodstained altar of Trog.
 12293 | D:9      | Reached XP level 11. HP: 75/84 MP: 0/0
 12293 | D:9      | Learned a level 4 spell: Fulminant Prism
 12294 | D:9      | Noticed a two-headed ogre
 12298 | D:9      | Killed a two-headed ogre
 12723 | D:4      | Killed Sigmund
 12724 | D:4      | Reached skill level 1 in Shields
 12950 | D:10     | Entered Level 10 of the Dungeon
 12956 | D:10     | Reached skill level 5 in Short Blades
 12988 | D:10     | Noticed a two-headed ogre
 13032 | D:10     | Reached skill level 2 in Shields
 13231 | D:10     | Found a staircase to the Lair.
 13305 | D:10     | Noticed a two-headed ogre
 13309 | D:10     | Killed a two-headed ogre
 13734 | D:10     | Found a viscous altar of Jiyva.
 13739 | D:10     | Reached XP level 12. HP: 89/95 MP: 0/0
 13746 | D:10     | Killed a two-headed ogre
 13812 | Lair:1   | Entered Level 1 of the Lair of Beasts
 15425 | Lair:2   | Noticed Amaemon
 15431 | Lair:2   | Killed Amaemon
 15540 | Lair:2   | Reached skill level 10 in Spellcasting
 15675 | Lair:2   | Found a hole to the Spider Nest.
 15726 | Lair:2   | Noticed a seven-headed hydra
 15732 | Lair:2   | Killed a seven-headed hydra
 15822 | Lair:2   | Noticed Gastronok
 16007 | Lair:2   | Reached skill level 10 in Fighting
 16019 | Lair:2   | Reached skill level 10 in Short Blades
 16186 | Lair:2   | Reached XP level 13. HP: 84/105 MP: 0/0
 16186 | Lair:2   | Learned a level 5 spell: Summon Forest
 16489 | Lair:3   | Noticed Rupert
 16496 | Lair:3   | Reached skill level 3 in Shields
 16496 | Lair:3   | Killed Rupert
 16639 | Lair:3   | Identified a scroll of acquirement
 16847 | Lair:3   | Identified the +1 leather armour "Lucudwag" {Regen+ SInv}
 16870 | Lair:3   | Found a staircase to the Swamp.
 16901 | Lair:3   | Reached skill level 4 in Shields
 17243 | Lair:3   | Found a staircase to the Swamp.
 17999 | Lair:4   | Found a staircase to the Slime Pits.
 17999 | Lair:4   | Found a viscous altar of Jiyva.
 18208 | Lair:4   | Reached XP level 14. HP: 95/112 MP: 0/0
 19111 | Lair:4   | Found a viscous altar of Jiyva.
 19111 | Lair:4   | Found a staircase to the Slime Pits.
 19577 | Lair:5   | Entered Level 5 of the Lair of Beasts
 21120 | Lair:5   | Identified the -2 cloak "Himosy Resed" {Harm *Slow rN+}
 21122 | Lair:5   | Identified the staff of death "Hetiske" {rPois rN+ rCorr
                  | Int-5 Dex+7}
 22190 | Lair:2   | Killed Gastronok
 22191 | Lair:2   | Reached XP level 15. HP: 39/122 MP: 0/0
 22191 | Lair:2   | Learned a level 6 spell: Simulacrum
 22357 | D:11     | Identified the +1 robe of Mawiejif {rElec rC+ Will+}
 22465 | D:11     | Reached **** piety under Ashenzari
 22900 | D:11     | Found a staircase to the Orcish Mines.
 22905 | D:11     | Identified the +0 robe "Gaebuti" {rN+ Str+4 Int-2}
 23472 | D:11     | Found a staircase to the Orcish Mines.
 23816 | D:12     | Noticed Nergalle
 23825 | D:12     | Killed Nergalle
 24072 | D:12     | Noticed Erolcha
 24077 | D:12     | Killed Erolcha
 24110 | D:12     | Reached ***** piety under Ashenzari
 24237 | D:12     | Noticed Azrael
 24243 | D:12     | Killed Azrael
 24570 | D:12     | Found a runed translucent door.
 24572 | D:12     | Found the +10 tower shield of Ignorance {rN+ Int-4}
 24583 | D:12     | Found a runed translucent door.
 24691 | D:12     | Found a runed translucent door.
 25195 | D:12     | Found a runed translucent door.
 25352 | Orc:1    | Entered Level 1 of the Orcish Mines
 25757 | Orc:2    | Entered Level 2 of the Orcish Mines
 26421 | Orc:2    | Found Julliuce's Book Boutique.
 26421 | Orc:2    | Found Sualet's General Store.
 26550 | Orc:2    | Found Tofoa's Antique Armour Boutique.
 26550 | Orc:2    | Found Veumetue's Distillery.
 26629 | Orc:2    | Found a staircase to the Elven Halls.
 27085 | Orc:2    | Found Tofoa's Antique Armour Boutique.
 27085 | Orc:2    | Found Veumetue's Distillery.
 27132 | Orc:2    | Found a staircase to the Elven Halls.
 27314 | Orc:2    | Found Julliuce's Book Boutique.
 27314 | Orc:2    | Found Sualet's General Store.
 27658 | D:13     | Reached skill level 5 in Shields
 27726 | D:13     | Reached skill level 10 in Dodging
 27727 | D:13     | Found Muitehiz's Assorted Antiques.
 27734 | D:13     | Bought a brightly glowing war axe for 297 gold pieces
 27734 | D:13     | Identified the +0 war axe of Xaxempue {spect, Str+4} (You
                  | bought it in a shop on level 13 of the Dungeon)
 27734 | D:13     | Bought a brightly glowing robe for 199 gold pieces
 27734 | D:13     | Identified the +0 robe "Ytetucvunt" {Will+} (You bought it
                  | in a shop on level 13 of the Dungeon)
 27911 | D:13     | Reached XP level 16. HP: 113/139 MP: 0/0
 28156 | D:13     | Reached skill level 6 in Shields
 28192 | D:13     | Found a gate to the Vaults.
 28463 | D:13     | Found Muitehiz's Assorted Antiques.
 28725 | D:13     | Found a gate to the Vaults.
 28827 | D:14     | Found a gate leading to a gauntlet.
 28836 | D:14     | Found Jueliav's Book Boutique.
 28856 | Gauntlet | Entered a Gauntlet
 28856 | Gauntlet | Found a transporter.
 28859 | Gauntlet | Found a transporter.
 28861 | Gauntlet | Found a transporter.
 28861 | Gauntlet | Identified the +1 helmet "Sounuobi" {rN+ Str-3 Dex+4}
 28878 | Gauntlet | Found a transporter.
 28888 | Gauntlet | Found a transporter.
 28904 | Gauntlet | Found a transporter.
 28913 | Gauntlet | Found the +2 hat of the Bear Spirit {Spirit, Bear, *Rage
                  | Will++}
 28914 | Gauntlet | Found a transporter.
 28918 | Gauntlet | Found a transporter.
 28921 | Gauntlet | Found a transporter.
 28921 | Gauntlet | Found a transporter.
 28929 | Gauntlet | Found a transporter.
 28930 | Gauntlet | Found a transporter.
 28949 | Gauntlet | Identified the staff of earth "Badeosu" {+Blink}
 28950 | Gauntlet | Found a transporter.
 28964 | Gauntlet | Found a transporter.
 29217 | Gauntlet | Found the +7 Spriggan's Knife {stab, EV+4 Stlth+}
 29217 | Gauntlet | Identified the staff of poison "Xekhleapse" {rPois rCorr}
 29217 | Gauntlet | Found the +27 heavy crossbow "Sniper" {heavy, Acc+∞ SInv}
 29596 | D:14     | Reached skill level 7 in Shields
 30079 | D:14     | Found a runed translucent door.
 30082 | D:14     | Noticed Xuittil's ghost (journeyman OpCK)
 30082 | D:14     | Identified the +7 spear of the Pit {freeze, SInv}
 30141 | D:14     | Killed Xuittil's ghost
 30589 | D:14     | Found Jueliav's Book Boutique.
 30637 | D:15     | Entered Level 15 of the Dungeon
 30840 | D:15     | Noticed Roxanne
 31017 | D:15     | Noticed Kirke
 31022 | D:15     | Killed Kirke
 31621 | D:15     | Reached skill level 8 in Shields
 31694 | D:15     | Reached XP level 17. HP: 105/148 MP: 0/0
 31694 | D:15     | Learned a level 7 spell: Malign Gateway
 31923 | D:15     | Found a staircase to the Depths.
 32589 | D:15     | Found a staircase to the Depths.
 33125 | Spider:1 | Entered Level 1 of the Spider Nest
 33358 | Spider:1 | Noticed Jorgrun
 33382 | Spider:1 | Killed Jorgrun
 35552 | Spider:2 | Noticed Arachne
 35629 | Spider:2 | Killed Arachne
 35687 | Spider:2 | Reached skill level 9 in Shields
 35701 | Spider:2 | Reached skill level 10 in Armour
 36091 | Spider:2 | Identified the amulet "Umu Sumpy" {RegenMP Will+ Str+5}
 36566 | Swamp:1  | Entered Level 1 of the Swamp
 36576 | Swamp:1  | Reached skill level 15 in Fighting
 36577 | Swamp:1  | Reached XP level 18. HP: 79/157 MP: 0/0
 36776 | Swamp:1  | Reached skill level 10 in Shields
 37390 | Swamp:2  | Noticed Louise
 37406 | Swamp:2  | Killed Louise
 37723 | Swamp:2  | Reached skill level 15 in Spellcasting
 38090 | Swamp:3  | Reached skill level 11 in Shields
 38341 | Swamp:3  | Identified the Volume of Reanimation Made Easy
 38834 | Swamp:4  | Entered Level 4 of the Swamp
 39147 | Swamp:4  | Noticed Mlioglotl
 39155 | Swamp:4  | Killed Mlioglotl
 39168 | Swamp:4  | Reached XP level 19. HP: 127/166 MP: 0/0
 39168 | Swamp:4  | Learned a level 6 spell: Death Channel
 39367 | Swamp:4  | Reached ****** piety under Ashenzari
 39606 | Swamp:4  | Reached skill level 12 in Shields
 39675 | Swamp:4  | Found a basalt altar of Yredelemnul.
 39712 | Swamp:4  | Found a blossoming altar of Fedhas.
 39840 | Swamp:4  | Got a decaying rune of Zot
 40337 | Spider:3 | Identified the +0 pair of gloves of the Great Game {SInv}
 40337 | Spider:3 | Noticed Nikola
 40563 | Elf:1    | Entered Level 1 of the Elven Halls
 41384 | Elf:1    | Paralysed by an air elemental for 1 turns
 41566 | Elf:1    | Found Wyfis Xor's Jewellery Emporium.
 41567 | Elf:1    | Found Deimu's Book Shop.
 41567 | Elf:1    | Found Liozaupi's Book Shop.
 42098 | Elf:2    | Found Ziocef's Antique Armour Emporium.
 42285 | Elf:2    | Identified the +0 pair of gloves of Subrah {rElec rPois
                  | Stlth+}
 42975 | Spider:3 | Reached skill level 5 in Stealth
 43095 | Spider:3 | Reached XP level 20. HP: 162/173 MP: 0/0
 43171 | Spider:3 | Killed Nikola
 44021 | Spider:4 | Entered Level 4 of the Spider Nest
 44468 | Spider:4 | Reached skill level 13 in Shields
 44930 | Spider:4 | Noticed Agnes
 44934 | Spider:4 | Killed Agnes
 45201 | Spider:4 | Reached skill level 14 in Shields
 45288 | Spider:4 | Got a gossamer rune of Zot
 47674 | Elf:2    | Found a runed translucent gate.
 47674 | Elf:2    | Found a runed translucent gate.
 47675 | Elf:2    | Found a runed translucent gate.
 48247 | Elf:3    | Entered Level 3 of the Elven Halls
 48795 | Elf:3    | Reached XP level 21. HP: 114/179 MP: 0/0
 48795 | Elf:3    | Learned a level 7 spell: Dragon Form
 49288 | Elf:3    | Identified the ring of the Devil's Team {Fire rPois Dex-5
                  | Slay+5 SInv}
 49453 | Elf:3    | Identified the amulet "Ittug" {Reflect Harm SH+5}
 49457 | Elf:3    | Identified the ring "Rewiuwn" {rN+ EV+5}
 49695 | Elf:3    | Identified the ring "Gioskybb" {Ice rPois MP-9 Str+3 SInv}
 49889 | Elf:3    | Identified the +0 plate armour of the Onion {+Inv rPois
                  | Will+ SInv}
 49891 | Elf:3    | Noticed a Tzitzimitl
 49933 | Elf:3    | Identified the +2 robe of Murug {rElec}
 49995 | Elf:3    | Identified the ring "Panionud" {MP+9 Stlth+}
 50025 | Elf:3    | Identified the +0 trident of Iluiklill {heavy, Str+4 Dex+2}
 50026 | Elf:3    | Identified the staff of fire "Wuminuhi" {rF+ Int+3}
 50648 | Elf:3    | Identified the Lectures on the Cankerous Gang
 50941 | Vaults:1 | Entered Level 1 of the Vaults
 50948 | Vaults:1 | Reached skill level 15 in Shields
 51197 | Vaults:1 | Identified the Compilation of Rotation
 51351 | Vaults:1 | Reached skill level 16 in Shields
 51414 | Vaults:1 | Found a flickering gateway to a bazaar.
 51422 | Bazaar   | Entered a bazaar
 51431 | Bazaar   | Found Kasoces's Antique Armour Shop.
 51445 | Bazaar   | Found Itaemo's Jewellery Shop.
 51637 | Vaults:1 | Reached skill level 17 in Shields
 51948 | Vaults:1 | Reached XP level 22. HP: 174/189 MP: 0/0
 51950 | Vaults:1 | Reached skill level 18 in Shields
 51950 | Vaults:1 | Reached XP level 23. HP: 174/195 MP: 0/0
 51950 | Vaults:1 | Learned a level 7 spell: Spellforged Servitor
 53961 | Vaults:2 | Reached skill level 19 in Shields
 54873 | Vaults:2 | Noticed Sojobo
 54904 | Vaults:2 | Killed Sojobo
 55411 | Vaults:3 | Found a staircase to the Crypt.
 55419 | Vaults:3 | Found Focvis's Weapon Boutique.
 56437 | Vaults:4 | Found a crumbling gateway.
 56452 | Desolati | Entered the Desolation of Salt
 56525 | Desolati | Reached XP level 24. HP: 191/202 MP: 0/0
 56625 | Desolati | Identified the Discourse on Kinetic Energy and Assembling
 56626 | Desolati | Identified the amulet "Zieg" {Spirit rPois Str+3 Dex+3}
 56627 | Desolati | Identified the Vellum of the Missiles
 56739 | Desolati | Identified the +2 pair of gloves "Cyduah" {rCorr}
 56784 | Desolati | Reached skill level 20 in Shields
 56899 | Desolati | Identified the Verses on Abhorrent Words
 56977 | Desolati | Identified the ring "Xaosch" {rN+ EV+5 Dex+2}
 56991 | Desolati | Identified the ring "Hoeclo" {*Slow rF+ rCorr Dex+5 SInv}
 58461 | Vaults:4 | Identified the staff of air "Roeh" {rElec rN+ Int+4 Dex+3}
 58461 | Vaults:4 | Identified the +9 shortbow "Edia" {drain, Stlth+}
 59097 | Vaults:4 | Found Wenoits's Distillery.
 59558 | Vaults:4 | Found Wenoits's Distillery.
 60257 | Depths:1 | Entered Level 1 of the Depths
 60257 | Depths:1 | Found a shimmering altar of Xom.
 60412 | Depths:1 | Found a gateway to Hell.
 60573 | Depths:1 | Noticed Asterion
 60587 | Depths:1 | Killed Asterion
 61327 | Depths:1 | Found the +5 demon whip "Spellbinder" {antimagic, disrupt,
                  | Will+}
 61397 | Depths:1 | Found Sesi's Pet Rocks.
 61413 | Depths:1 | Reached XP level 25. HP: 178/214 MP: 0/0
 61413 | Depths:1 | Learned a level 9 spell: Shatter
 61952 | Depths:2 | Noticed Grunn
 61956 | Depths:2 | Killed Grunn
 62484 | Depths:2 | Identified the +2 falchion of Vaumnozai {antimagic, Dex+3}
                  | (You took it off a vampire knight on level 2 of the Depths)
 62995 | Depths:2 | Reached skill level 15 in Dodging
 63224 | Depths:2 | Found a one-way gate leading to the halls of Pandemonium.
 63492 | Depths:2 | Found a one-way gateway to a ziggurat.
 63704 | Depths:2 | Found a one-way gateway to a ziggurat.
 63803 | Depths:2 | Found a one-way gate leading to the halls of Pandemonium.
 65295 | Depths:3 | Found a one-way gate to the infinite horrors of the Abyss.
 65498 | Depths:3 | Found a blossoming altar of Fedhas.
 65788 | Depths:3 | Identified the ring of the Lion {rElec rPois Int+2 Dex+3}
 66020 | Depths:3 | Found a one-way gate to the infinite horrors of the Abyss.
 66269 | Depths:3 | Found a blossoming altar of Fedhas.
 66619 | Depths:4 | Entered Level 4 of the Depths
 66633 | Depths:4 | Reached XP level 26. HP: 165/221 MP: 0/0
 67394 | Crypt:1  | Entered Level 1 of the Crypt
 67664 | Crypt:1  | Reached skill level 15 in Armour
 70304 | Crypt:3  | Entered Level 3 of the Crypt
 70318 | Crypt:3  | Noticed a curse toe
 70424 | Crypt:3  | Noticed Zenata
 70427 | Crypt:3  | Killed Zenata
 70762 | Crypt:3  | Killed a curse toe
 71133 | Crypt:3  | Reached XP level 27. HP: 217/224 MP: 0/0
 71133 | Crypt:3  | Learned a level 9 spell: Chain Lightning
 71240 | Crypt:3  | Found the +11 plutonium sword {Contam Stlth-}
 71401 | Crypt:3  | Noticed an ancient lich
 71402 | Crypt:3  | Noticed a dread lich
 71404 | Crypt:3  | Killed an ancient lich
 71407 | Crypt:3  | Killed a dread lich
 71714 | Crypt:3  | Found a staircase to the Tomb.
 72122 | Crypt:3  | Found a staircase to the Tomb.
 72564 | D:10     | Acquired 979 gold pieces
 72566 | D:10     | Acquired a manual of Short Blades
 72661 | Slime:1  | Entered Level 1 of the Pits of Slime
 73493 | Slime:5  | Entered Level 5 of the Pits of Slime
 73620 | Slime:4  | Found a corrupted altar of Lugonu.
 73800 | Slime:5  | Noticed the Royal Jelly
 74841 | Slime:5  | Gained mutation: You are agile. (Dex +4, Str/Int -1) [a
                  | shining eye]
 74842 | Slime:5  | Killed the Royal Jelly
 74844 | Slime:5  | Gained mutation: You occasionally lose the ability to read
                  | scrolls when taking damage. [a shining eye]
 75823 | Slime:5  | Identified the +0 leather armour of Amelioration {Harm}
 75823 | Slime:5  | Found the +3 giant club "Skullcrusher" {speed, Str+7}
 75824 | Slime:5  | Identified the +7 flail of Doom {pain, rF+ Will++}
 75824 | Slime:5  | Found the +8 Vampire's Tooth {megavamp}
 75825 | Slime:5  | Identified the Guide on Despair
 75860 | Slime:5  | Identified the +5 chain mail of Gravity {rF+ Regen+ Dex+3
                  | Stlth-}
 75916 | Slime:5  | Got a slimy rune of Zot
 78272 | Vaults:4 | Bought 2 potions of curing for 108 gold pieces
 78272 | Vaults:4 | Bought a potion of might for 72 gold pieces
 78272 | Vaults:4 | Bought a potion of curing for 54 gold pieces
 78272 | Vaults:4 | Bought a potion of mutation for 144 gold pieces
 78272 | Vaults:4 | Bought a potion of brilliance for 72 gold pieces
 78272 | Vaults:4 | Bought a potion of mutation for 144 gold pieces
 78272 | Vaults:4 | Bought a potion of haste for 180 gold pieces
 78272 | Vaults:4 | Bought a potion of curing for 54 gold pieces
 78598 | Orc:2    | Bought a potion of haste for 130 gold pieces
 78598 | Orc:2    | Bought a potion of haste for 130 gold pieces
 78598 | Orc:2    | Bought a potion of invisibility for 104 gold pieces
 78598 | Orc:2    | Bought a potion of might for 52 gold pieces
 78800 | D:4      | Bought a potion of might for 52 gold pieces
 78800 | D:4      | Bought a potion of might for 52 gold pieces
 78800 | D:4      | Bought a potion of haste for 130 gold pieces
 78800 | D:4      | Bought a potion of mutation for 104 gold pieces
 78800 | D:4      | Bought a potion of might for 52 gold pieces
 79161 | Vaults:5 | Entered Level 5 of the Vaults
 79290 | Vaults:5 | Reached skill level 21 in Shields
 79527 | Vaults:5 | Identified the +1 leather armour "Yzxobaliq" {Rampage
                  | Str+2}
 79636 | Vaults:5 | Reached skill level 22 in Shields
 79763 | Vaults:5 | Found Jefi Utt's Weapon Shoppe.
 79891 | Vaults:5 | Got a silver rune of Zot
 80152 | Vaults:5 | Identified the +1 ring mail "Huath" {Will+}
 80619 | Vaults:5 | Found Jefi Utt's Weapon Shoppe.
 81388 | D:15     | Killed Roxanne
 81601 | Zig:1    | Entered Level 1 of a ziggurat
 81621 | Zig:2    | Entered Level 2 of a ziggurat
 81647 | Zig:3    | Entered Level 3 of a ziggurat
 81673 | Zig:4    | Entered Level 4 of a ziggurat
 81680 | Zig:4    | Identified the staff of fire "Ole Ane" {rF+ Str-4 Dex+6}
 81696 | Zig:5    | Entered Level 5 of a ziggurat
 81713 | Zig:5    | Identified the +0 rapier of Honour {pain, Dex+2}
 81731 | Zig:6    | Entered Level 6 of a ziggurat
 81837 | Zig:7    | Entered Level 7 of a ziggurat
 81843 | Zig:7    | Noticed Hagiufur the pandemonium lord
 81847 | Zig:7    | Killed Hagiufur the pandemonium lord
 81853 | Zig:7    | Found the +7 lajatang of Order {silver, rMut}
 81869 | Zig:8    | Entered Level 8 of a ziggurat
 81878 | Zig:8    | Reached skill level 23 in Shields
 81924 | Zig:8    | Lost mutation: You are agile. (Dex +4, Str/Int -1) [potion
                  | of mutation]
 81924 | Zig:8    | Lost mutation: You occasionally lose the ability to read
                  | scrolls when taking damage. [potion of mutation]
 81924 | Zig:8    | Gained mutation: Your mind is acute. (Int +4, Str/Dex -1)
                  | [potion of mutation]
 81926 | Zig:9    | Entered Level 9 of a ziggurat
 82023 | Zig:10   | Entered Level 10 of a ziggurat
 82030 | Zig:10   | Identified Roam's Almanac of the Tektite
 82094 | Zig:11   | Entered Level 11 of a ziggurat
 82110 | Zig:11   | Reached skill level 24 in Shields
 82183 | Zig:11   | Identified the +1 great sword "Vam Xokh" {freeze, rF+ rCorr
                  | Int+2}
 82184 | Zig:11   | Identified the Tome of Phantasms and Weather
 82223 | Zig:12   | Entered Level 12 of a ziggurat
 82232 | Zig:12   | Identified the staff of death "Jaxza Xua" {rC+ rN+ Int+3
                  | Dex+4}
 82237 | Zig:12   | Identified the Octavo of Cryomancy
 82238 | Zig:12   | Identified the Anthology of Peregrination
 82288 | Zig:13   | Entered Level 13 of a ziggurat
 82295 | Zig:13   | Identified Soommaeh's Exposition on the Iceberg and
                  | Transmigration
 82295 | Zig:13   | Found the +5 robe of Night {Dark Will+ SInv}
 82296 | Zig:13   | Noticed a royal mummy
 82296 | Zig:13   | Found the +6 lightning scales {swift, rElec}
 82298 | Zig:13   | Noticed a royal mummy
 82298 | Zig:13   | Noticed a royal mummy
 82305 | Zig:13   | Killed a royal mummy
 82307 | Zig:13   | Killed a royal mummy
 82307 | Zig:13   | Killed a royal mummy
 82308 | Zig:13   | Reached skill level 25 in Shields
 82317 | Zig:13   | Noticed a royal mummy
 82348 | Zig:13   | Killed a royal mummy
 82414 | Zig:13   | Identified the Opusculum on Sinister Mysteries
 82460 | Zig:14   | Entered Level 14 of a ziggurat
 82476 | Zig:14   | Identified the +8 quarterstaff of Digririn {freeze, rC+
                  | Will+ Str-5 Dex+4}
 82963 | Depths:4 | Found a gate to the Realm of Zot.
 82992 | Depths:4 | Reached skill level 5 in Maces & Flails
 83405 | Depths:4 | Found a runed translucent gate.
 83405 | Depths:4 | Found a runed translucent gate.
 83406 | Depths:4 | Found a runed translucent gate.
 83407 | Depths:4 | Noticed an ancient lich
 83409 | Depths:4 | Noticed Sulucr Puat's ghost (veteran DjFE)
 83409 | Depths:4 | Noticed an ancient lich
 83409 | Depths:4 | Identified the ring of the Circus Animal {rElec rF+ rC+
                  | AC+4}
 83410 | Depths:4 | Identified the staff of cold "Pakimam" {rElec rC+ MP+9
                  | Str-2 Stlth+}
 83619 | Depths:4 | Killed an ancient lich
 83619 | Depths:4 | Killed an ancient lich
 83656 | Depths:4 | Killed Sulucr Puat's ghost
 83813 | Zot:1    | Entered Level 1 of the Realm of Zot
 84973 | Zot:2    | Reached skill level 10 in Maces & Flails
 85908 | Zot:2    | Found a transporter.
 86381 | Zot:2    | Found a transporter.
 89341 | Zot:4    | Noticed a Killer Klown
 89345 | Zot:4    | Killed a Killer Klown
 89358 | Zot:4    | Identified the +2 hand crossbow of Mana {chaos, rPois rCorr
                  | Str-2 Dex-4}
 89361 | Zot:4    | Noticed a Killer Klown
 89364 | Zot:4    | Killed a Killer Klown
 89381 | Zot:4    | Identified the +2 chain mail of Hiaviack {Regen+ Str+4}
 89394 | Zot:4    | Identified the +2 robe of the Evil One {Rampage Int+3
                  | Stlth+}
 89453 | Zot:4    | Noticed a Killer Klown
 89455 | Zot:4    | Killed a Killer Klown
 89466 | Zot:4    | Found a large runed translucent door.
 89467 | Zot:4    | Found a large runed translucent door.
 89468 | Zot:4    | Found a large runed translucent door.
 89469 | Zot:4    | Found a large runed translucent door.
 89469 | Zot:4    | Found a shimmering altar of Xom.
 89469 | Zot:4    | Found a large runed translucent door.
 89471 | Zot:4    | Found a large runed translucent door.
 89471 | Zot:4    | Found a large runed translucent door.
 89532 | Zot:4    | Noticed a Killer Klown
 89534 | Zot:4    | Noticed a Killer Klown
 89536 | Zot:4    | Killed a Killer Klown
 89539 | Zot:4    | Killed a Killer Klown
 89545 | Zot:4    | Identified the +4 great sword of the Demagogue {chaos,
                  | rCorr Str+3}
 89568 | Zot:4    | Found a large runed translucent door.
 89570 | Zot:4    | Noticed a Killer Klown
 89578 | Zot:4    | Killed a Killer Klown
 89612 | Zot:4    | Noticed a Killer Klown
 89614 | Zot:4    | Killed a Killer Klown
 89919 | Zot:4    | Found a shimmering altar of Xom.
 90450 | Zot:5    | Entered Level 5 of the Realm of Zot
 90548 | Zot:5    | Identified the +2 pair of boots of the Armadillo {Str+7
                  | Stlth+}
 91229 | Zot:5    | Noticed an ancient lich
 91233 | Zot:5    | Killed an ancient lich
 91242 | Zot:5    | Noticed an ancient lich
 91329 | Zot:5    | Killed an ancient lich
 91354 | Zot:5    | Noticed an orb of fire
 91370 | Zot:5    | Noticed an ancient lich
 91373 | Zot:5    | Killed an ancient lich
 91384 | Zot:5    | Killed an orb of fire
 91438 | Zot:5    | Noticed a Killer Klown
 91441 | Zot:5    | Killed a Killer Klown
 91469 | Zot:5    | Noticed an ancient lich
 91470 | Zot:5    | Noticed a dread lich
 91472 | Zot:5    | Killed an ancient lich
 91473 | Zot:5    | Killed a dread lich
 91597 | Zot:5    | Noticed a Killer Klown
 91597 | Zot:5    | Noticed a dread lich
 91599 | Zot:5    | Killed a dread lich
 91599 | Zot:5    | Killed a Killer Klown
 91599 | Zot:5    | Noticed an orb of fire
 91602 | Zot:5    | Gained mutation: Potions are less effective at restoring
                  | your health. [an orb of fire]
 91603 | Zot:5    | Gained mutation: You occasionally lose the ability to read
                  | scrolls when taking damage. [an orb of fire]
 91604 | Zot:5    | Killed an orb of fire
 91614 | Zot:5    | Lost mutation: You occasionally lose the ability to read
                  | scrolls when taking damage. [potion of mutation]
 91614 | Zot:5    | Lost mutation: Your mind is acute. (Int +4, Str/Dex -1)
                  | [potion of mutation]
 91614 | Zot:5    | Lost mutation: Potions are less effective at restoring your
                  | health. [potion of mutation]
 91614 | Zot:5    | Gained mutation: Your movements are slightly less
                  | encumbered by armour. (ER -2) [potion of mutation]
 91614 | Zot:5    | Gained mutation: You are partially covered in iridescent
                  | scales. (AC +2) [potion of mutation]
 91643 | Zot:5    | Reached skill level 15 in Short Blades
 91828 | Zot:5    | Noticed a Killer Klown
 91828 | Zot:5    | Noticed a Killer Klown
 91831 | Zot:5    | Killed a Killer Klown
 91834 | Zot:5    | Killed a Killer Klown
 91902 | Zot:5    | Noticed a Killer Klown
 91910 | Zot:5    | Killed a Killer Klown
 92178 | Zot:5    | Noticed a dread lich
 92182 | Zot:5    | Killed a dread lich
 93305 | Zot:5    | Got the Orb of Zot
 93544 | D:12     | Noticed Moynul the pandemonium lord
 93568 | D:10     | Noticed Royku the pandemonium lord
 93571 | D:10     | Killed Royku the pandemonium lord
 93728 | D:1      | Woot!
 93729 | D:$      | Escaped with the Orb!

Illustrated notes

..#.#.......................# #.#
....#.#..###.##.#..#.###..#.###'#
.##.#.##.#...##.#.###..#.##.##...
.##.#..#........#........#..##...
....##...######.#.######...###...
.....##...## #...# ##...## #...
##.#.###...## ##### ##...## #...
.......##...###...###...## #.##
.......###...#..@..#...## #.'.
.......# ##...........##### ###.
...#'### ##....#...###...# #.
...#'################.+...# #.
...........# #.#...# #P
...........##########....># ##
...................##.....#######
...................##.....##.....
..#.#####..........##............


Turn 93728 on D:1: Woot!

Levels and vault maps discovered:
D:1:      dpeg_chamrin_arrival_tetris, layout_basic,
          shapermc_ecumenical_altar_ellora, chequers_serial_rivers_large_a,
          st_stairs_5, palyth_stone_intersect, minmay_misc_feat_doors
D:2:      layout_rooms, grunt_decor_clamped, minmay_stone_trees_medium,
          minmay_cupped
D:3:      layout_loops_ring, nzn_wu_jian_contemplation,
          mainiacjoe_overflow_alcove_4, nicolae_ru_sacrificial_ziggurat,
          kennysheep_generic_room_10
D:4:      layout_loops_ring, serial_shops, nicolae_shop_rolling_square,
          nrook_mini_backslash, minmay_manual_macuahuitl, uniq_sigmund,
          uniq_duvessa
D:5:      layout_basic, dancing_weapons_uskayaw, minmay_temple_entry_large_hall,
          nicolae_ossuary_entry_ruins, uniq_blork_the_orc
D:6:      layout_basic, kennysheep_mini_moat, minmay_misc_feat_enclosed,
          grunt_decor_cap, uniq_pikel, uniq_edmund, uniq_maggie, uniq_menkaure
D:7:      layout_rooms, cheibriados_altar_1, nicolae_overflow_squiral,
          mainiacjoe_overflow_catwalk_spiral, serial_glass, glass_columns_a,
          glass_columns_b, chequers_serial_rivers_small_3
D:8:      layout_gridville, item_on_display_a
D:9:      layout_cave_pools, mainiacjoe_overflow_concentric_impassable,
          trog_ov_bears_minmay
D:10:     layout_irregular_city, due_lair_maze_entry_diamond, jiyva_altar_1
D:11:     layout_cave_pools, david_orc_1_choice, minivault_8
D:12:     layout_loops_cross, serial_bayou, serial_bayou_pond_b,
          serial_bayou_pond_c, serial_bayou_crossing,
          chequers_guarded_unrand_ignorance, uniq_nergalle, uniq_erolcha,
          uniq_azrael
D:13:     layout_cave_pools, david_vaults_1, serial_shops, shop
D:14:     layout_roguey, gauntlet_entry_generic, ebering_ghost_reflecting_pool,
          serial_glass, glass_columns_b, glass_columns_a, glass_columns_a,
          glass_columns_a, glass_columns_c, glass_columns_b, glass_columns_b,
          glass_columns_b, serial_shops, nicolae_shop_pleasant_corner_grove
D:15:     grunt_enter_depths_magical_seal, layout_loops_ring, uniq_kirke,
          uniq_roxanne
Temple:   hellmonk_temple_beads
Lair:1:   layout_cave_pods, dreamdust_mushroom_princess
Lair:2:   beast_lair_carwin_large_2, layout_concentric_octagons,
          spider_nest_entry_web_field, uniq_gastronok, uniq_amaemon
Lair:3:   layout_chaotic_city, minmay_swamp_entry_swarm,
          kennysheep_basilisk_garden, uniq_rupert
Lair:4:   layout_loops_ring, slime_entry_1, lemuel_fruit_tree,
          grunt_megastairs_4, infiniplex_staircase_pool
Lair:5:   grunt_lair_end_beastmaster, layout_cave_pods, grunt_megastairs_3,
          infiniplex_staircase_pool_2
Swamp:1:  layout_basic_swamp, nicolae_swamp_trees_clearing, swamp_pool1,
          st_swamp_ruins_1
Swamp:2:  layout_falls_marsh, evilmike_swamp_ruin_house_4, swamp_pool2,
          uniq_louise
Swamp:3:  layout_basic_swamp, evilmike_swamp_ruin_rubble_1,
          nicolae_swamp_necromancy_gone_wrong
Swamp:4:  byrel_swamp_growth_death_and_undeath, layout_basic_swamp,
          uniq_mlioglotl
Spider:1: layout_chambers, nicolae_spider_checkerboard, uniq_jorgrun
Spider:2: layout_spider_delve, nicolae_spider_spiderdrome, uniq_arachne
Spider:3: layout_cave_pods, uniq_nikola
Spider:4: floodkiller_spider_rune_tomb, uniq_agnes
Slime:1:  layout_caves
Slime:2:  layout_caves
Slime:3:  layout_caves
Slime:4:  layout_caves, amcnicky_altar_lugonu_corruption
Slime:5
Orc:1:    layout_diamond_mine, hellmonk_bongcloud_opening
Orc:2:    st_orc_town, layout_diamond_mine, small_statue_alley_c
Elf:1:    layout_geoelf_octagon, basic_altar, kennysheep_underground_church,
          grunt_ministairs_3, minmay_shop_grove
Elf:2:    nicolae_elf_blades_splatter_lattice
          [nicolae_blade_entry_crossed_weapons], layout_geoelf_octagon,
          serial_shops, shop, nicolae_elf_big_sculpture_3
Elf:3:    elf_hall_gauntlet_narrow, layout_onion_city
Vaults:1: nicolae_vaults_trapezoid_lopsided_1, nicolae_vaults_border_crossing,
          nicolae_vaults_sightless_eye, grunt_vaults_funneled_arena,
          v_alt_pattern_6, vaults_room_boxed, ontoclasm_vaults_ring_small,
          grunt_vaults_funnel, nicolae_vaults_wine_cellar, vaults_room_pools,
          nicolae_vaults_tangram_2, vaults_dpeg_encased_lava,
          nicolae_vaults_diamond_2, v_alt_pattern_1, nicolae_vaults_two_Ls,
          layout_vaults_omnibox, serial_shops, freezing_bzr
Vaults:2: nicolae_vaults_octagons, vaults_room_ringed_pool,
          nicolae_vaults_house_1, ontoclasm_vaults_twist, vaults_dpeg_hooks,
          vaults_room_stairs_pillars, layout_vaults_omnigrid, uniq_sojobo
Vaults:3: minmay_crypt_entry_simple_sparse,
          vaults_standard_mumra_enter_the_diamond, dpeg_vaults_monster_box,
          nicolae_vaults_offset_grid_hallway_3, ontoclasm_vaults_chip,
          vaults_standard_mumra_x, nicolae_vaults_octothorpe,
          nicolae_vaults_puzzle_piece, nicolae_vaults_little_squares_5,
          nicolae_vaults_storage_room_water, nicolae_vaults_octothorpe,
          nicolae_vaults_network_s, layout_vaults_maze_bifur, serial_shops, shop
Vaults:4: portal_desolation_entry_garden, ontoclasm_vaults_chip, v_rooms_6,
          vaults_mumra_minichess, nicolae_vaults_layer_cake_slice,
          nicolae_vaults_little_squares_2,
          nicolae_vaults_antechamber_and_loot_room,
          nicolae_vaults_heart-shaped_vault, v_pattern_2,
          nicolae_vaults_diamond_1, vaults_standard_mumra_lines,
          nicolae_vaults_trapezoid_lopsided_2, grunt_vaults_diagonal,
          layout_vaults_ring, serial_shops, shop
Vaults:5: serial_shops
Crypt:1:  layout_catacombs, basic_altar
Crypt:2:  layout_misc_corridors, chequers_big_river, nicolae_crypt_ancient_font,
          grunt_megastairs_2
Crypt:3:  david_glass_crypt, layout_gridlike, tomb_entry_sphere_bobbens,
          uniq_zenata
Depths:1: layout_honeycomb, xom_teletrap_fun, pf_vacation_house_of_asmodeus,
          drop_trap, guppyfry_shop_earth, uniq_asterion
Depths:2: kennysheep_six_static_rooms, layout_long_grid, enter_ziggurat_c,
          rand_demon_pan_entry_1, hell_entry, wad_floor_pattern_untrapped,
          uniq_grunn
Depths:3: kennysheep_scales, layout_cave_pools, hell_entry,
          fedhas_altar_fruit_tree, minmay_room_of_horrors,
          infiniplex_staircase_river, serial_bayou_shore_b
Depths:4: grunt_zot_entry_funnels, layout_basic, gammafunk_ghost_necromancy,
          minmay_misc_feat_square, hangedman_tar_grid_catacomb, abyss_entry
Zot:1:    kennysheep_blocky_hall, layout_twisted_circle, st_stairs_12
Zot:2:    layout_twisted_circle, st_single_dragon_hoard_1, nicolae_diode_basic
Zot:3:    layout_twisted_circle
Zot:4:    layout_onion, hangedman_xom_zot_hilarity
Zot:5:    layout_cathedral_of_symmetry

Skill      XL: |  1  2  3  4  5  6  7  8  9 10 11 12 13 14 15 16 17 18 19 20 21 22 23 24 25 26 27 |
---------------+----------------------------------------------------------------------------------+-----
Spellcasting   | 3 4 5 6 8 9 10 11 12 13 14 15 16 17 19 | 19.8
Fighting       | 2 3 4 6 9 10 11 12 13 14 15 16 18 19 | 19.9
Dodging        | 3 4 5 6 7 9 10 12 17 19 21 | 21.5
Armour         | 1 3 4 6 7 8 9 10 11 13 16 21 | 21.7
Short Blades   | 3 8 10 11 12 13 18 | 18.0
Shields        | 2 4 5 8 9 11 12 14 17 18 19 20 25 | 25.2
Stealth        | 3 5 7 |  7.0
Maces & Flails | 14 | 14.9

Action                     |  1- 3 |  4- 6 |  7- 9 | 10-12 | 13-15 | 16-18 | 19-21 | 22-24 | 25-27 || total
---------------------------+-------+-------+-------+-------+-------+-------+-------+-------+-------++-------
  Melee: Unarmed           |     6 |       |       |       |       |       |       |       |       ||     6
         Short sword       |       |       |       |       |     1 |     1 |       |       |       ||     2
         Knife             |       |       |       |       |       |    19 |    10 |    48 |    13 ||    90
         Staff             |       |       |       |       |       |       |       |       |     3 ||     3
   Cast: Shock             |    73 |   144 |   251 |     7 |     9 |     2 |       |       |       ||   486
         Swiftness         |       |       |     2 |       |       |     2 |     1 |       |       ||     5
         Airstrike         |       |       |    13 |   270 |   586 |   452 |   556 |   340 |   201 ||  2418
         Ozocubu's Armour  |       |       |     1 |       |       |     4 |     1 |     1 |     1 ||     8
         Fulminant Prism   |       |       |       |    18 |    78 |    41 |     7 |     1 |       ||   145
         Summon Forest     |       |       |       |       |    11 |    18 |    23 |     8 |     5 ||    65
         Simulacrum        |       |       |       |       |    13 |   188 |   199 |   145 |     4 ||   549
         Malign Gateway    |       |       |       |       |       |    30 |    52 |    42 |    17 ||   141
         Static Discharge  |       |       |       |       |       |     4 |    15 |       |     1 ||    20
         Death Channel     |       |       |       |       |       |       |    32 |    19 |     4 ||    55
         Cause Fear        |       |       |       |       |       |       |     1 |       |       ||     1
         Spellforged Servi |       |       |       |       |       |       |       |    57 |     5 ||    62
         Shatter           |       |       |       |       |       |       |       |       |   627 ||   627
         Chain Lightning   |       |       |       |       |       |       |       |       |   453 ||   453
 Invoke: Curse Item        |       |       |     2 |     4 |     3 |     3 |     1 |     2 |     5 ||    20
         Shatter the Chain |       |       |       |     2 |       |     2 |     1 |     1 |     6 ||    12
    Use: Scroll            |       |       |     7 |     1 |       |     1 |     2 |     1 |    16 ||    28
         Potion            |       |       |       |       |       |       |       |     1 |    17 ||    18
   Stab: Distracted        |       |       |       |       |       |     2 |     1 |       |       ||     3
         Sleeping          |       |       |       |       |       |       |     4 |     8 |       ||    12
 Armour: Robe              |     2 |     6 |       |       |       |       |       |       |       ||     8
         Ring mail         |       |       |    32 |    15 |    11 |    49 |    22 |     7 |    21 ||   157
  Dodge: Dodged            |     3 |    28 |    62 |    23 |    65 |   149 |   118 |    65 |   115 ||   628
  Block: Buckler           |       |       |       |       |    15 |    53 |       |       |       ||    68
         Tower shield      |       |       |       |       |       |    42 |   192 |   107 |   120 ||   461

Table legend: (Time is in decaauts)
 A = Elapsed time spent in this place.
 B = Non-inter-level travel time spent in this place.
 C = Inter-level travel time spent in this place.
 D = Time resting spent in this place.
 E = Time spent auto-exploring this place.
 F = Levels seen in this place.
 G = Mean time per level.
                   A        B        C        D        E       F      G
               +--------+--------+--------+--------+--------+-----+--------+
         Total |  93866 |  81095 |  12771 |  13850 |  44451 |  74 | 1268.5 |
       Dungeon |  24303 |  19385 |   4918 |   1731 |  13017 |  15 | 1620.2 |
        Temple |     48 |     25 |     23 |      0 |      0 |   1 |   48.0 |
          Lair |   9600 |   7889 |   1711 |    755 |   5242 |   5 | 1920.0 |
         Swamp |   3521 |   3244 |    277 |    377 |   1535 |   4 |  880.2 |
   Spider Nest |   8202 |   7416 |    786 |    614 |   4483 |   4 | 2050.5 |
    Slime Pits |   4960 |   4492 |    468 |   2089 |   1657 |   5 |  992.0 |
  Orcish Mines |   2356 |   1956 |    400 |    355 |   1063 |   2 | 1178.0 |
   Elven Halls |   4761 |   4272 |    489 |    633 |    994 |   3 | 1587.0 |
        Vaults |  10723 |   8958 |   1765 |    643 |   5012 |   5 | 2144.6 |
         Crypt |   4967 |   4743 |    224 |   1467 |   2651 |   3 | 1655.7 |
        Depths |   7963 |   6832 |   1131 |   1828 |   3469 |   4 | 1990.8 |
           Zot |   9546 |   8970 |    576 |   2734 |   4741 |   5 | 1909.2 |
      Ziggurat |   1002 |   1002 |      0 |    337 |      0 |  14 |   71.6 |
        Bazaar |     51 |     51 |      0 |      0 |     46 |   1 |   51.0 |
       Ossuary |    260 |    260 |      0 |     23 |      0 |   1 |  260.0 |
    Desolation |   1116 |   1116 |      0 |    102 |    517 |   1 | 1116.0 |
      Gauntlet |    477 |    477 |      0 |    161 |     24 |   1 |  477.0 |
               +--------+--------+--------+--------+--------+-----+--------+

Top non-repeatable levels by time:
Vaults:1: 2942 daAuts
Vaults:4: 2926 daAuts
Spider:1: 2749 daAuts
   Zot:5: 2698 daAuts
  Lair:5: 2475 daAuts
Depths:2: 2443 daAuts
Spider:4: 2427 daAuts
  Lair:1: 2328 daAuts
   Zot:2: 2289 daAuts
    D:15: 2238 daAuts
 Crypt:2: 2208 daAuts
   Elf:3: 2185 daAuts
     D:1: 2174 daAuts
    D:12: 2164 daAuts
Depths:1: 2149 daAuts
